 Dungeon Crawl Stone Soup version 0.24.0-125-gc4c63601f3 (webtiles) character file.

Game seed: 2954900997825040347, levelgen mode: deterministic

84 LraC the Slinger (level 4, -7/29 HPs)
             Began as a Halfling Hunter on Mar 6, 2020.
             Mangled by a worm (11 damage)
             ... on level 2 of the Dungeon on Mar 9, 2020.
             The game lasted 00:10:20 (976 turns).

LraC the Slinger (Halfling Hunter)                   Turns: 976, Time: 00:10:21

Health: -7/29      AC:  5    Str: 13    XL:     4   Next: 74%
Magic:  4/4        EV: 14    Int: 10    God:
Gold:   87         SH:  0    Dex: 14    Spells: 3/3 levels left

rFire    . . .     SeeInvis .   b - +0 short sword
rCold    . . .     Gourm    .   (shield restricted)
rNeg     . . .     Faith    .   l - +1 leather armour {MR+}
rPois    .         Spirit   .   (no helmet)
rElec    .         Reflect  .   h - +0 cloak
rCorr    +         Harm     .   (no gloves)
MR       +....                  (no boots)
Stlth    +.........             i - amulet of inaccuracy (curse)
HPRegen  0.09/turn              g - ring of resist corrosion
MPRegen  0.09/turn              (no ring)

@: no status effects
A: small, mutation resistance 1
a: no special abilities


You were on level 2 of the Dungeon.
You were not hungry.

You visited 1 branch of the dungeon, and saw 2 of its levels.

You collected 87 gold pieces.

Inventory:

Hand Weapons
 a - a +1 hunting sling
 b - a +0 short sword (weapon)
Missiles
 e - 117 stones (quivered)
 j - 22 bolts
Armour
 c - a +1 leather armour
 h - a +0 cloak (worn)
 k - a +0 robe
 l - a +1 leather armour of magic resistance (worn)
Jewellery
 g - a ring of resist corrosion (left hand)
 i - a cursed amulet of inaccuracy (around neck)
Comestibles
 f - 2 rations


   Skills:
 + Level 2.1 Fighting
 + Level 8.1 Slings
 + Level 2.3 Dodging
 + Level 1.1 Stealth


You had 3 spell levels left.
You didn't know any spells.
Your spell library was empty.

Dungeon Overview and Level Annotations

Branches:
Dungeon (2/15)

Altars:


Innate Abilities, Weirdness & Mutations

You are small and have problems with some larger weapons.
You are somewhat resistant to further mutation.


Message History

The worm is lightly wounded.
The worm closely misses you.
You hit the worm.
The worm is moderately wounded.
You hit the worm.
The worm is moderately wounded.
The worm closely misses you.
You closely miss the worm.
The worm is moderately wounded.
The worm barely misses you.
You hit the worm.
The worm is moderately wounded.
You closely miss the worm.
The worm is moderately wounded.
The worm bites you.
* * * LOW HITPOINT WARNING * * *
You hit the worm but do no damage.
The worm is moderately wounded.
The worm bites you!
You die...

..........#
..........#
..........#
..........# #
.........(##.#
.............
..........#
.......@..#
......w)..#
#####'#'###
...#.# ....
#.# ..<.. #.#
.#### #.# ..
#.#
##########.#
#.#.######


You could see a worm.

Vanquished Creatures
  3 adders (D:2)
  2 oozes (D:1)
  A worm (D:2)
  3 dart slugs (D:1)
  A leopard gecko (D:2)
  An orc (D:2)
  4 bats
  7 goblins
  4 hobgoblins
  A jackal (D:2)
  2 frilled lizards (D:1)
  6 kobolds (D:1)
  5 rats (D:1)
40 creatures vanquished.

Notes
Turn   | Place    | Note
-------+----------+-------------------------------------------
     0 | D:1      | LraC the Halfling Hunter began the quest for the Orb.
     0 | D:1      | Reached XP level 1. HP: 14/14 MP: 1/1
    21 | D:1      | Reached skill level 6 in Slings
    37 | D:1      | Reached XP level 2. HP: 19/19 MP: 2/2
   182 | D:1      | You fall into a shaft and drop 1 floor!
   187 | D:2      | Reached skill level 7 in Slings
   187 | D:2      | Reached XP level 3. HP: 24/24 MP: 3/3
   306 | D:1      | Reached XP level 4. HP: 21/29 MP: 4/4
   866 | D:2      | Reached skill level 8 in Slings
   976 | D:2      | Mangled by a worm

Levels and vault maps discovered:
D:1:      dpeg_arrival_lava_altar, layout_rooms, minivault_19, interstate_on_off
D:2:      layout_basic, first_ration, makhleb_altar_promises_db

Skill      XL: |  1  2  3  4 |
---------------+-------------+-----
Slings         | 6 7 8 |  8.1
Fighting       | 2 |  2.1
Dodging        | |  2.3
Stealth        | |  1.1

Action                   |  1- 3 |  4- 6 || total
-------------------------+-------+-------++-------
Melee: Short sword       |       |    63 ||    63
 Fire: Hunting sling     |    65 |    52 ||   117
  Use: Scroll            |     2 |     4 ||     6
       Potion            |     1 |     1 ||     2
Armor: Leather armour    |     4 |    20 ||    24
Dodge: Dodged            |    15 |    64 ||    79
